Map: 暮色之塔

Players

shengy - Winner!

  • Race: Zerg Zerg
  • League: Gold

Quintinus

  • Race: Zerg Zerg
  • League: Silver

VOD

Have the link to the VOD?

Description

Time

  • Played on: Dec. 20, 2015, 2:05 p.m.
  • Length: 11:55
Show
View Real Time Build Order
Export as new Build Order

shengy Zerg - Winner!

Build Orders: Hatch First 

Get SALT Encoding   

  12  0:01  Drone  
  13  0:09  Drone  
  14  0:17  Overlord  
  15  0:35  Drone x3  
  17  0:47  Drone  
  18  0:58  Hatchery, Drone  
  18  1:08  Drone  
  19  1:16  Spawning Pool  
  18  1:18  Drone  
  18  1:25  Extractor  
  18  1:29  Overlord  
  18  1:41  Drone  
  19  1:52  Drone  
  20  2:03  Queen  
  22  2:09  Queen  
  22  2:11  Overlord  
  24  2:18  Zergling x4  
  26  2:30  Metabolic Boost  
  26  2:32  Zergling x4  
  26  2:33  Drone  
  29  2:45  Queen  
  31  2:51  Drone  
  31  2:52  Drone x2  
  34  3:01  Drone x2  
  36  3:15  Drone  
  36  3:16  Overlord  
  37  3:20  Zergling x2  
  37  3:21  Zergling x10  
  43  3:30  Overlord  
  43  3:34  Queen  
  43  3:37  Baneling Nest  
  43  3:39  Extractor  
  43  3:44  Drone x2  
  43  3:45  Overlord  
  45  3:48  Overlord  
  45  4:29  Roach Warren  
  44  4:45  Hatchery  
  43  4:46  Drone  
  43  4:47  Drone x8, Spine Crawler  
  43  4:48  Spine Crawler, Drone  
  51  4:56  Zergling x6  
  54  5:12  Lair  
  54  5:14  Drone x4  
  54  5:19  Extractor  
  57  5:29  Drone x3  
  57  5:30  Overlord x2  
  60  5:48  Overlord x2  
  60  5:56  Spine Crawler  
  59  5:58  Spine Crawler, Roach x4  
  60  6:29  Roach x8  
  60  6:30  Roach  
  63  6:59  Drone x3  
  60  7:06  Roach x4  
  64  7:17  Queen  
  66  7:30  Glial Reconstitution  
  66  7:32  Drone  
  66  7:33  Drone x4  
  71  7:39  Ravager  
  71  7:40  Ravager x2  
  71  7:41  Ravager x2  
  71  7:43  Drone  
  77  7:48  Queen  
  79  7:51  Drone  
  79  7:52  Extractor, Drone x2  
  79  7:58  Drone x4  
  85  8:10  Evolution Chamber x2  
  83  8:13  Drone x2  
  83  8:14  Drone x4  
  89  8:20  Extractor  
  89  8:22  Hydralisk Den  
  87  8:27  Drone  
  87  8:29  Overlord x2  
  88  8:36  Zerg Missile Weapons Level 1  
  88  8:37  Zerg Ground Armor Level 1  
  88  8:47  Zergling x2  
  89  8:48  Zergling x2  
  89  8:49  Zergling x2  
  89  8:55  Hatchery, Infestation Pit  
  89  9:03  Drone x2  
  89  9:04  Drone x2  
  89  9:05  Drone  
  89  9:06  Drone x2  
  96  9:11  Drone x3  
  96  9:12  Drone x5  
  96  9:13  Drone  
  104  9:17  Overlord  
  104  9:50  Extractor  
  103  9:53  Overlord x3  
  103  9:54  Overlord x2  
  103  9:57  Ravager  
  105  10:00  Hydralisk, Roach x4  
  113  10:11  Pneumatized Carapace, Extractor  
  112  10:14  Hatchery  
  112  10:15  Zergling x8  
  112  10:16  Extractor, Zergling x6  
  117  10:24  Centrifical Hooks  
  117  10:29  Hive  
  117  10:31  Burrow  
  117  10:34  Hydralisk x2  
  117  10:35  Hydralisk x5, Roach x2  
  135  10:46  Baneling x4  
  135  10:48  Baneling x5  
  135  11:01  Overlord  
  135  11:02  Hydralisk x4  
  135  11:03  Hydralisk x2  
  147  11:16  Hatchery  
Show
View Real Time Build Order
Export as new Build Order

Quintinus Zerg 

Build Orders: Hatch First 

Get SALT Encoding   

  12  0:01  Drone  
  13  0:14  Overlord  
  13  0:17  Drone  
  14  0:33  Drone  
  14  0:34  Drone  
  16  0:38  Drone  
  17  0:57  Extractor  
  16  0:58  Hatchery, Drone  
  16  1:01  Drone  
  17  1:18  Spawning Pool  
  16  1:23  Drone x2  
  18  1:31  Drone  
  19  1:43  Drone  
  20  1:55  Overlord  
  20  2:05  Queen  
  22  2:11  Zergling x4  
  24  2:21  Queen  
  26  2:25  Zergling x2  
  26  2:26  Zergling x4  
  29  2:32  Roach Warren  
  28  2:57  Overlord  
  28  3:15  Queen, Overlord  
  30  3:35  Roach x7  
  30  3:39  Overlord  
  44  4:04  Roach x4  
  44  4:05  Overlord  
  44  4:06  Overlord  
  47  4:39  Roach x8  
  63  5:10  Roach x2  
  67  5:28  Overlord x2  
  67  5:46  Queen x2  
  71  5:55  Overlord  
  71  5:56  Overlord  
  53  6:52  Roach x8  
  53  6:53  Roach x6  
  59  7:35  Roach  
  59  7:36  Roach x4  
  69  7:55  Drone x7  
  76  8:14  Extractor  
  76  8:17  Lair  
  75  8:43  Drone  
  75  8:44  Drone x10  
  86  8:55  Overlord x2  
  84  9:44  Roach x11  
  106  9:47  Ravager  
  106  9:49  Ravager  
  108  10:37  Hatchery  
  107  11:02  Hatchery  
  108  11:04  Roach  
  108  11:06  Overlord x5  
Tags
 
Add a new tag
Caveats
  • Supply blocks, unpowered buildings, or Contaminate may cause inaccurate times.
  • Supply counts are checked every 10 seconds.